 Dungeon Sprint DCSS version 0.21.0-24-g2553a33 (webtiles) character file.

121 letownia2 the Ruffian (level 4, -9/44 HPs)
             Began as a Troll Wizard on Jan 20, 2018.
             Killed from afar by a deep elf mage (22 damage)
             ... with a bolt of magma
             ... in the Dungeon (Sprint III: "The Ten Rune Challenge").
             The game lasted 00:01:28 (237 turns).

letownia2 the Ruffian (Troll Wizard)                 Turns: 237, Time: 00:01:29

Health: -9/44      AC:  5    Str: 15    XL:     4   Next: 76%
Magic:  0/8        EV:  9    Int: 15    God:
Gold:   22         SH:  0    Dex:  8    Spells: 0/9 levels left

rFire    . . .     SeeInvis .     - Unarmed
rCold    . . .     Gourm    +   (no shield)
rNeg     . . .     Faith    .   a - +0 robe
rPois    .         Spirit   .   b - +0 hat
rElec    .         Reflect  .   (no cloak)
rCorr    .         Harm     .   (gloves unavailable)
MR       .....     NoTele   +   (boots unavailable)
Stlth    +.........             (no amulet)
HPRegen  0.54/turn              (no ring)
MPRegen  0.11/turn              (no ring)

@: very slightly contaminated
A: large, unfitting armour, claws 3, fast metabolism 3, gourmand, regeneration
1, shaggy fur 1, tough skin 2
a: no special abilities


You were in the Dungeon.
You were not hungry.

You visited 1 branch You collected 22 gold pieces.

Inventory:

Armour
 a - a +0 robe (worn)
 b - a +0 hat (worn)
Scrolls
 j - a scroll of blinking
 l - a scroll of immolation {unknown}
 m - 5 scrolls of identify
 n - a scroll of enchant armour {unknown}
 p - a scroll of holy word {unknown}
Potions
 e - a potion of curing
 f - a potion of heal wounds
 g - a potion of haste
 h - 2 potions of magic
 i - a potion of berserk rage
 k - a potion of lignification {unknown}
 o - 2 potions of flight {unknown}
 q - 5 potions of mutation
Books
 c - a book of Minor Magic

   Spells                             Type                      Level
   a - Magic Dart                     Conjuration                  1
   b - Blink                          Translocation                2
   c - Call Imp                       Summoning                    2
   d - Slow                           Hexes                        2
   e - Conjure Flame                  Conjuration/Fire             3
   f - Mephitic Cloud                 Conjuration/Poison/Air       3
Comestibles
 d - 4 rations


   Skills:
 + Level 2.6 Fighting
 + Level 1.5 Dodging
 - Level 1.0 Stealth
 * Level 4.8 Unarmed Combat
 + Level 3.4 Spellcasting
 + Level 2.0 Conjurations
   Level 0.6 Summonings
 + Level 0.6 Translocations
 + Level 1.8 Fire Magic
 + Level 1.6 Air Magic
 + Level 1.8 Poison Magic


You couldn't memorise any spells.
You knew the following spells:

 Your Spells              Type           Power        Failure   Level  Hunger
a - Magic Dart            Conj           #...         9%          1    None
b - Blink                 Tloc           N/A          22%         2    ##.....
c - Conjure Flame         Conj/Fire      #.......     26%         3    ###....
e - Mephitic Cloud        Conj/Pois/Air  #.......     26%         3    ###....


Dungeon Overview and Level Annotations

Branches:
Dungeon (1/1)

Altars:
Elyvilon
Zin
The Shining One


Innate Abilities, Weirdness & Mutations

You are too large for most types of armour.
You have claws for hands.
Your metabolism is lightning-fast.
You like to eat raw meat.
Your natural rate of healing is unusually fast.
You are covered in fur. (AC +1)
You have very tough skin. (AC +2)


Message History

Unknown command.
You claw the deep elf mage!
The deep elf mage is severely wounded.
The deep elf mage hits you with a long sword of holy wrath.
Unknown command.
You closely miss the deep elf mage.
The deep elf mage is severely wounded.
The earth elemental hits you!
* * * LOW HITPOINT WARNING * * *
Unknown command.
Unknown command.
You claw the deep elf mage!
The deep elf mage is almost dead.
The deep elf mage casts a spell.
The deep elf mage blinks!
Unknown command.
The deep elf mage gestures at you while chanting.
The bolt of magma hits you!
Ouch! That really hurt!
You die...

▓▓▓▓▓▓ ▓▓▓ .#)..####
##.#####
.#......#####..#E__#
##....÷..#..#..#..E#
.##.##...#..#..###E#+###+##
.##.###..##'#..#§.........#
####.##..###...'@⌠........#
##).##..####.e.#...######+#
....##..###....#.⌠.#
#..##...##.....#...#
÷.##....#......#+###
.###..##.#.....# .#
#..#####....# ▓▓ ▓▓▓▓
▓▓▓▓▓▓


You could see 2 earth elementals and a deep elf mage.

Vanquished Creatures
  A water elemental (D)
  Jessica (D)
  A human (D)
  A wolf (D)
  An ooze (D)
  2 rats (D)
7 creatures vanquished.

Vanquished Creatures (others)
  A draconian scorcher (D)
  6 hellions (D)
7 creatures vanquished.

Grand Total: 14 creatures vanquished

Notes
Turn   | Place    | Note
-------+----------+-------------------------------------------
     0 | D        | letownia2 the Troll Wizard began the quest for the Orb.
     0 | D        | Reached XP level 1. HP: 16/16 MP: 2/2
    11 | D        | Reached skill level 1 in Fighting
    11 | D        | Reached skill level 2 in Unarmed Combat
    48 | D        | Noticed Jessica
    71 | D        | Killed Jessica
    71 | D        | Reached skill level 4 in Unarmed Combat
    71 | D        | Reached XP level 2. HP: 20/29 MP: 4/4
    71 | D        | Reached XP level 3. HP: 25/36 MP: 5/5
    79 | D        | Learned a level 3 spell: Mephitic Cloud
   104 | D        | Killed a hellion
   128 | D        | Learned a level 3 spell: Conjure Flame
   161 | D        | Reached skill level 1 in Conjurations
   172 | D        | Killed a hellion
   185 | D        | Noticed a water elemental
   188 | D        | Killed a water elemental
   188 | D        | Reached skill level 1 in Fire Magic
   188 | D        | Reached skill level 1 in Air Magic
   188 | D        | Reached skill level 1 in Poison Magic
   188 | D        | Reached XP level 4. HP: 44/44 MP: 4/8
   192 | D        | Learned a level 2 spell: Blink
   202 | D        | Killed a white draconian scorcher
   216 | D        | Killed a hellion
   216 | D        | Killed a hellion
   217 | D        | Found a glowing silver altar of Zin.
   217 | D        | Found a glowing golden altar of the Shining One.
   217 | D        | Found a white marble altar of Elyvilon.
   217 | D        | Noticed a deep elf mage
   217 | D        | Killed a hellion
   217 | D        | Killed a hellion
   230 | D        | Noticed an earth elemental
   230 | D        | Noticed an earth elemental
   237 | D        | Killed from afar by a deep elf mage

Skill      XL: |  1  2  3 |
---------------+----------+-----
Fighting       | 2 |  2.6
Unarmed Combat | 4 |  4.8
Spellcasting   | 3 |  3.4
Conjurations   | 2 |  2.0
Fire Magic     | 1 |  1.8
Air Magic      | 1 |  1.6
Poison Magic   | 1 |  1.8
Dodging        | |  1.5
Stealth        | |  1.0
Summonings     | |  0.6
Translocations | |  0.6

Action                   |  1- 3 |  4- 6 || total
-------------------------+-------+-------++-------
Melee: Unarmed           |    30 |     7 ||    37
 Cast: Mephitic Cloud    |     1 |     1 ||     2
       Conjure Flame     |     1 |       ||     1
 Stab: Sleeping          |     1 |       ||     1
  Eat: Chunk             |     2 |       ||     2
Armor: Robe              |     1 |       ||     1
Dodge: Dodged            |     6 |     1 ||     7
